 Dungeon Crawl Stone Soup version 0.26-a0-611-g354ed81502 (webtiles) character file.

Game seed: 8124315457491110227

39 Descartes the Covert (level 3, -7/17 HPs)
             Began as a Felid Delver on Sept 5, 2020.
             Mangled by a mummy (19 damage)
             ... in an ossuary.
             The game lasted 00:01:44 (618 turns).

Descartes the Covert (Felid Delver)                  Turns: 618, Time: 00:01:44

Health: -7/17      AC:  1    Str:  9    XL:     3   Next: 26%
Magic:  4/4        EV: 18    Int: 11    God:
Gold:   154        SH:  0    Dex: 17    Spells: 2/2 levels left
                                        Lives:  0   Deaths: 1

rFire    . . .     SeeInvis +     - Unarmed
rCold    . . .     Faith    .   (shield unavailable)
rNeg     . . .     Spirit   .   (armour unavailable)
rPois    .         Reflect  .   (helmet unavailable)
rElec    .         Harm     .   (cloak unavailable)
rCorr    .                      (gloves unavailable)
MR       .....                  (boots unavailable)
Stlth    +++++.....             (no amulet)
HPRegen  0.05/turn              (no ring)
MPRegen  0.09/turn              (no ring)

@: quick
A: very small, no armour, no weapons or thrown items, stealth, claws 1, fangs 3,
see invisible, speed 1, shaggy fur 1, sharp paws
a: no special abilities


You were in an ossuary.
You visited 1 branch of the dungeon, and saw 3 of its levels.
You also visited: Ossuary.

You collected 154 gold pieces.

Inventory:

Wands
 b - a wand of random effects (21)
 e - a wand of digging (3)
Scrolls
 a - a scroll of fog
 c - a scroll of fear
 h - a scroll of magic mapping
 i - a scroll of acquirement {unknown}
Potions
 d - a potion of haste
 f - a potion of curing
 j - a potion of flight {unknown}


   Skills:
 - Level 3.0 Fighting
 - Level 2.6 Dodging
 + Level 9.0 Stealth
 - Level 2.0 Unarmed Combat


You had 2 spell levels left.
You didn't know any spells.
Your spell library contained the following spells:

 Spells                   Type           Power        Failure   Level
 Animate Skeleton         Necr           #.....       34%         1
 Apportation              Tloc           #.....       34%         1
 Corona                   Hex            #......      34%         1
 Summon Small Mammal      Summ           #...         34%         1


Dungeon Overview and Level Annotations

Branches:
Dungeon (5/15)             Temple (0/1) D:4         Ossuary (1/1)

Altars:


Innate Abilities, Weirdness & Mutations

You cannot wear armour.
You are incapable of wielding weapons or throwing items.
Your paws allow you to move quietly. (Stealth)
You have sharp claws.
You have razor-sharp teeth.
You have supernaturally acute eyesight. (SInv)
You cover ground quickly.
You are covered in fur. (AC +1)
Your sharp claws are effective at attacking unaware monsters.


Message History

It is a scroll of identify.
f - a potion of curing A mummy opens the door.
A mummy comes into view.
The mummy hits you.
You scratch the mummy.
The mummy is lightly damaged.
You scratch the mummy. You bite the mummy, but do no damage.
The mummy is lightly damaged.
The mummy closely misses you.
You scratch the mummy.
The mummy is moderately damaged.
You scratch the mummy but do no damage.
The mummy is moderately damaged.
The mummy misses you.
You barely miss the mummy.
The mummy is moderately damaged.
The mummy hits you!!
Ouch! That really hurt!
You die...

##...... ......
..M..##....##..
..............
..............
#Z.Z..........
#M##.....Z..#
##@.##ZM....#
##....##MM..#
##......#†MZ.#
#.......#....#
#.......#....#
#.......#....#
##......#....#
#.....##....#
##....##....#


You could see 2 mummies and a kobold zombie.

Vanquished Creatures
  An ogre (D:4)
  2 bats (D:3)
  A goblin (D:3)
  2 frilled lizards (D:3)
  A gnoll zombie (Ossuary)
  An orc zombie (Ossuary)
8 creatures vanquished.

Notes
Turn   | Place    | Note
-------+----------+-------------------------------------------
     0 | D:5      | Descartes the Felid Delver began the quest for the Orb.
     0 | D:5      | Reached XP level 1. HP: 10/10 MP: 2/2
    28 | D:4      | Noticed an orc priest
    35 | D:4      | Noticed a worker ant
   458 | D:3      | Reached skill level 7 in Stealth
   528 | D:4      | Found a staircase to the Ecumenical Temple.
   535 | D:4      | Noticed an ogre
   536 | D:4      | Found a sand-covered staircase.
   543 | D:4      | Killed an ogre
   543 | D:4      | Reached skill level 9 in Stealth
   543 | D:4      | Reached XP level 2. HP: 14/14 MP: 3/3
   543 | D:4      | Reached XP level 3. HP: 17/17 MP: 4/4
   543 | D:4      | Reached XP level 4. HP: 21/21 MP: 5/5
   549 | Ossuary  | Entered an ossuary
   569 | Ossuary  | Slain by a mummy
   570 | Ossuary  | Reached XP level 3. HP: -2/17 MP: 4/4
   618 | Ossuary  | Mangled by a mummy

Illustrated notes

Levels and vault maps discovered:
D:3:      layout_loops_ring
D:4:      layout_loops_ring, old_standard_altar, old_standard_altar,
          minmay_temple_entry_wispy, nicolae_ossuary_entry_monument,
          nicolae_ru_sacrificial_ziggurat
D:5:      cheibrodos_two_vegetables, layout_rooms, serial_shops, shop,
          kennysheep_slug_shrine
Ossuary:  ossuary_tomb_3

Skill      XL: |  1 |
---------------+----+-----
Stealth        | 9 |  9.0
Fighting       | |  3.0
Dodging        | |  2.6
Unarmed Combat | |  2.0

Action                   |  1- 3 |  4- 6 || total
-------------------------+-------+-------++-------
Melee: Unarmed           |    23 |    13 ||    36
       Bite              |     4 |     2 ||     6
  Use: Scroll            |     2 |       ||     2
 Stab: Sleeping          |     2 |       ||     2
Armor: Skin              |     5 |     1 ||     6
Dodge: Dodged            |    19 |    10 ||    29

Table legend: (Time is in decaauts)
 A = Elapsed time spent in this place.
 B = Non-inter-level travel time spent in this place.
 C = Inter-level travel time spent in this place.
 D = Time resting spent in this place.
 E = Time spent auto-exploring this place.
 F = Levels seen in this place.
 G = Mean time per level.
                   A        B        C        D        E       F      G
               +--------+--------+--------+--------+--------+-----+--------+
         Total |    545 |    492 |     53 |      0 |    334 |   4 |  136.2 |
       Dungeon |    484 |    431 |     53 |      0 |    330 |   3 |  161.3 |
       Ossuary |     61 |     61 |      0 |      0 |      4 |   1 |   61.0 |
               +--------+--------+--------+--------+--------+-----+--------+

Top non-repeatable levels by time:
     D:3: 428 daAuts
 Ossuary: 61 daAuts
     D:4: 46 daAuts
     D:5: 9 daAuts
